Map: King of Braxis Station

Players

MrFercho

  • Race: Zerg Zerg
  • Spawn Location: 1:00

tigro

  • Race: Terran Terran
  • Spawn Location: 12:00

TATORREA

  • Race: Protoss Protoss
  • Spawn Location: 6:00

GZgatos

  • Race: Zerg Zerg
  • League: Gold
  • Spawn Location: 11:00

Darcon

  • Race: Protoss Protoss
  • League: Diamond
  • Spawn Location: 7:00

IA (Más difícil)

  • Race: Terran Terran
  • Spawn Location: 9:00

IA (Más difícil)

  • Race: Terran Terran
  • Spawn Location: 3:00

IA (Más difícil)

  • Race: Zerg Zerg
  • Spawn Location: 5:00

VOD

Have the link to the VOD?

Description

Time

  • Played on: April 13, 2020, 8:43 p.m.
  • Length: 27:29
Show
View Real Time Build Order
Export as new Build Order

MrFercho Zerg 

Build Orders: Pool First 

Get SALT Encoding   

  12  0:07  Drone  
  13  0:15  Overlord  
  13  0:28  Drone  
  14  0:35  Extractor  
  13  0:42  Drone  
  14  0:43  Drone x2  
  16  0:55  Spawning Pool  
  16  0:56  Drone  
  16  1:11  Drone  
  17  1:21  Drone  
  18  1:33  Hatchery, Drone  
  18  1:38  Extractor  
  17  1:43  Metabolic Boost  
  17  1:48  Zergling x2  
  17  1:49  Zergling x2  
  19  1:59  Queen  
  21  2:07  Drone  
  22  2:26  Roach Warren  
  22  2:27  Overlord  
  21  2:33  Drone  
  22  2:47  Drone x2  
  24  2:55  Drone  
  25  3:06  Drone  
  26  3:13  Drone x3  
  29  3:22  Drone  
  29  3:23  Drone x3  
  33  3:34  Evolution Chamber  
  32  3:41  Overlord  
  32  4:02  Zerg Melee Weapons Level 1  
  32  4:11  Evolution Chamber  
  31  4:19  Roach  
  31  4:20  Zergling x6, Roach x2  
  31  4:21  Roach x2  
  44  4:30  Overlord  
  44  4:34  Lair  
  44  4:40  Zerg Ground Armor Level 1  
  44  5:01  Hatchery  
  43  5:13  Drone x2  
  43  5:14  Drone x2  
  47  5:15  Overlord x2  
  47  5:34  Baneling Nest  
  46  5:41  Overseer  
  46  5:54  Infestation Pit  
  45  5:58  Spire  
  45  6:02  Drone  
  45  6:03  Drone x5  
  50  6:21  Glial Reconstitution  
  50  6:23  Zerg Melee Weapons Level 2  
  50  6:35  Hive, Zerg Missile Weapons Level 1  
  50  7:10  Hydralisk Den  
  49  7:17  Drone x2  
  49  7:18  Drone x5  
  49  7:19  Drone x2  
  49  7:22  Hatchery  
  56  7:40  Tunneling Claws  
  56  7:50  Hatchery  
  55  7:57  Ultralisk Cavern  
  54  8:00  Lurker Den  
  53  8:16  Greater Spire  
  53  8:49  Overlord x5  
  53  8:50  Hatchery  
  53  8:53  Hatchery  
  51  9:03  Hydralisk x2  
  51  9:04  Hydralisk  
  57  9:14  Pneumatized Carapace  
  57  9:48  Nydus Network  
  57  9:52  Lurker  
  57  10:23  Lurker  
  58  10:45  Zerg Melee Weapons Level 3  
  58  11:10  Seismic Spines  
  58  11:32  Mutalisk  
  58  11:36  Hydralisk  
  62  11:40  Zergling x10  
  62  11:41  Zergling x28  
  81  11:58  Overlord x4  
  81  11:59  Overlord x4  
  81  12:38  Overseer  
  81  12:56  Overseer  
  81  13:11  Overseer  
  78  13:34  Drone  
  78  13:35  Drone x5  
  78  13:36  Drone x3  
  78  13:37  Drone x2  
  78  13:40  Ultralisk x2  
  101  13:59  Spine Crawler  
  101  14:01  Spine Crawler  
  99  14:05  Spine Crawler  
  99  14:06  Spine Crawler  
  99  14:07  Spine Crawler  
  99  14:08  Spine Crawler  
  95  14:15  Spore Crawler  
  78  15:30  Hydralisk x2  
  78  15:31  Hydralisk  
  78  15:32  Corruptor x2  
  78  15:33  Corruptor x2  
  78  15:34  Mutalisk  
  94  16:21  Brood Lord  
  94  16:22  Brood Lord  
  98  16:44  Zerg Flyer Armor Level 1  
  79  18:39  Zergling x4  
  79  18:40  Zergling x4  
  83  18:41  Zergling x4  
  83  18:42  Zergling x4  
  83  18:43  Hydralisk x2  
  83  18:44  Hydralisk  
  83  18:45  Corruptor x2  
  83  18:46  Corruptor  
  83  18:47  Ultralisk  
  105  18:52  Zergling x6  
  105  18:53  Zergling x6  
  111  20:29  Extractor  
  111  20:32  Extractor  
  111  20:33  Hatchery  
  96  21:07  Brood Lord  
  98  21:33  Burrow  
  98  21:37  Zerg Ground Armor Level 2  
  98  21:38  Zerg Missile Weapons Level 2  
  98  21:40  Zerg Flyer Weapons Level 1  
  38  23:03  Corruptor  
  38  23:04  Corruptor x3  
  46  23:23  Drone x3  
  49  23:34  Zerg Flyer Armor Level 2  
  43  24:22  Corruptor  
  43  24:23  Corruptor x7  
  37  25:11  Corruptor  
  37  25:12  Corruptor x2  
  47  25:19  Lair  
  47  25:26  Spawning Pool  
  46  25:36  Spore Crawler x2  
  46  25:38  Spore Crawler x2  
  38  25:43  Nydus Canal  
  9  26:20  Drone  
  9  26:21  Drone x5  
Show
View Real Time Build Order
Export as new Build Order

tigro Terran 

Build Orders:  

Get SALT Encoding   

  12  0:04  SCV  
  13  0:19  SCV  
  13  0:20  Supply Depot  
  14  0:28  Refinery  
  14  0:35  Refinery, SCV  
  15  0:54  Barracks  
  15  0:55  SCV  
  16  1:07  SCV  
  17  1:19  SCV  
  17  1:24  Supply Depot  
  18  1:31  SCV  
  19  1:43  Marine  
  19  1:44  SCV  
  21  2:01  Marine  
  22  2:10  Barracks  
  22  2:14  Orbital Command  
  22  2:19  Marine  
  23  2:37  Marine  
  24  2:54  Marine  
  25  3:01  Engineering Bay  
  25  3:12  Marine  
  25  3:16  Barracks Tech Lab  
  26  3:24  SCV  
  27  3:30  Marine  
  25  3:36  SCV  
  25  3:40  Marauder  
  16  3:48  Marine  
  5  4:01  Marauder  
  5  4:06  Marine  
  3  4:23  Marauder, Marine  
  6  4:41  Marine  
  6  4:44  Marauder  
  9  4:58  SCV  
  9  4:59  Marine  
  11  5:05  Marine  
  12  5:10  SCV  
  13  5:25  SCV  
  14  5:37  SCV  
  14  5:41  Barracks Tech Lab  
  15  5:44  Marine  
  17  5:50  SCV  
  17  6:02  SCV  
  18  6:14  SCV  
  19  6:26  SCV  
  20  6:38  SCV  
  21  6:50  SCV  
  22  6:56  Marine  
  23  7:02  Marine  
  24  7:14  Marine, SCV  
  26  7:20  Marine  
  27  7:26  SCV  
  28  7:32  Marine  
  29  8:06  SCV  
  30  8:18  SCV  
  31  8:28  Marauder  
  31  8:30  SCV  
  34  8:42  SCV  
  35  8:49  Marauder  
  35  8:54  SCV  
  38  8:59  Factory  
  38  9:04  Marine  
  39  9:11  Marauder  
  41  9:20  Combat Shield  
  41  9:21  Marine  
  42  9:26  Concussive Shells  
  42  9:32  Marauder  
  30  10:09  Factory Tech Lab  
  30  10:19  Armory  
  30  10:21  SCV  
  31  10:33  SCV  
  31  10:34  Marine  
  21  10:37  Marine  
  20  10:52  Marine  
  20  10:54  Marine  
  22  11:10  Marine, SCV  
  24  11:12  Marine  
  25  12:08  Factory  
  25  12:12  Stimpack  
  25  12:32  Missile Turret  
  25  12:39  Command Center, Marine  
  25  12:43  Marauder  
  28  12:46  Terran Infantry Weapons Level 1  
  28  12:57  Marine  
  29  13:02  Missile Turret  
  29  13:05  Marauder  
  31  13:14  Starport  
  31  13:15  Marine  
  32  13:26  Marauder  
  34  13:33  Marine, Missile Turret  
  35  13:35  Infernal Pre-Igniter  
  35  13:44  SCV  
  35  13:47  Marauder  
  38  13:51  Marine  
  39  14:02  Medivac  
  39  14:04  Supply Depot  
  39  14:09  Marauder  
  43  14:28  Planetary Fortress  
  43  14:35  Starport Tech Lab  
  43  14:40  Terran Infantry Armor Level 1  
  43  14:43  Fusion Core  
  43  14:53  Drilling Claws  
  43  15:01  Missile Turret  
  43  15:08  Siege Tank  
  46  15:24  Missile Turret  
  46  15:29  Missile Turret  
  46  15:40  Siege Tank  
  49  16:05  Weapon Refit  
  49  16:34  Neosteel Armor  
  49  17:09  Battlecruiser  
  49  17:11  Factory  
  55  17:18  Starport  
  55  17:45  Rapid Reignition System  
  55  18:00  Missile Turret  
  55  18:04  Command Center  
  55  18:14  Terran Infantry Weapons Level 2  
  55  18:26  Command Center, Starport Tech Lab  
  43  18:41  Advanced Ballistics  
  43  19:14  Missile Turret  
  34  19:34  Marine  
  32  19:39  Marine  
  32  19:42  Banshee  
  22  19:48  Planetary Fortress  
  22  19:52  Marine  
  17  19:57  Marine  
  18  20:09  Marine  
  18  20:14  Marine  
  17  20:27  Marine  
  18  20:29  Terran Infantry Armor Level 2  
  18  20:32  Marine  
  16  21:49  SCV  
  17  22:01  SCV  
  18  22:17  SCV  
  19  22:47  SCV  
  20  23:15  SCV  
  21  23:38  SCV  
  22  24:09  SCV  
  24  24:38  SCV  
  24  24:50  SCV  
  25  25:26  Viking  
  27  26:16  Siege Tank  
  30  26:29  SCV  
  31  27:03  Refinery  
  31  27:05  Factory Tech Lab  
Show
View Real Time Build Order
Export as new Build Order

TATORREA Protoss 

Build Orders:  

Get SALT Encoding   

  12  0:07  Probe (Chrono Boost)  
  13  0:18  Probe (Chrono Boost)  
  14  0:22  Probe (Chrono Boost)  
  15  0:35  Assimilator  
  15  0:44  Assimilator  
  15  0:51  Pylon  
  15  0:57  Pylon  
  15  1:06  Pylon  
  15  1:09  Probe  
  16  1:12  Pylon  
  16  1:19  Pylon  
  16  1:22  Probe  
  17  1:29  Forge  
  17  1:34  Probe (Chrono Boost)  
  17  1:39  Gateway  
  18  1:51  Probe (Chrono Boost)  
  19  1:56  Probe (Chrono Boost)  
  20  2:05  Probe (Chrono Boost)  
  21  2:38  Cybernetics Core  
  21  2:49  Photon Cannon  
  21  2:52  Photon Cannon  
  21  2:55  Photon Cannon  
  21  3:00  Photon Cannon x2  
  21  3:06  Photon Cannon  
  21  3:09  Photon Cannon  
  21  3:14  Photon Cannon  
  21  3:30  Zealot  
  23  3:47  Probe  
  24  3:57  Sentry  
  24  3:59  Probe  
  27  4:11  Shield Battery  
  27  4:24  Sentry  
  29  4:35  Stargate  
  29  4:41  Pylon  
  29  4:47  Pylon  
  29  4:50  Sentry  
  31  4:57  Pylon  
  31  5:16  Stalker, Robotics Facility  
  33  5:21  Stargate  
  33  5:46  Stalker  
  35  5:53  Fleet Beacon  
  35  6:00  Pylon  
  35  6:04  Pylon  
  35  6:09  Pylon  
  35  6:24  Photon Cannon  
  35  6:30  Photon Cannon x2  
  35  6:38  Photon Cannon  
  35  6:39  Photon Cannon  
  35  6:52  Stalker  
  21  7:21  Probe (Chrono Boost)  
  21  7:22  Stalker  
  24  7:32  Probe (Chrono Boost)  
  24  7:36  Probe (Chrono Boost)  
  26  7:47  Probe (Chrono Boost)  
  27  7:52  Stalker  
  27  7:56  Probe (Chrono Boost)  
  30  8:01  Probe  
  31  8:13  Probe  
  32  8:22  Stalker  
  32  8:25  Probe  
  35  8:38  Probe (Chrono Boost)  
  36  8:47  Probe (Chrono Boost)  
  37  8:52  Probe (Chrono Boost)  
  38  9:04  Probe  
  39  9:16  Probe  
  40  9:22  Photon Cannon  
  40  9:28  Probe  
  40  9:30  Photon Cannon  
  41  9:40  Probe  
  41  9:44  Photon Cannon  
  17  10:50  Pylon  
  17  10:53  Pylon  
  17  10:56  Photon Cannon  
  17  10:58  Photon Cannon  
  17  11:05  Photon Cannon  
  17  11:58  Shield Battery  
  17  12:11  Pylon  
  17  12:19  Photon Cannon  
  17  12:23  Photon Cannon  
  17  12:34  Photon Cannon  
  17  12:37  Photon Cannon  
  17  12:38  Photon Cannon  
  17  12:42  Photon Cannon  
  17  12:49  Pylon  
  17  13:10  Photon Cannon  
  17  13:16  Photon Cannon  
  17  13:24  Photon Cannon  
  17  13:37  Photon Cannon  
  17  13:40  Photon Cannon  
  17  13:48  Photon Cannon  
  17  14:01  Probe (Chrono Boost)  
  18  14:12  Probe (Chrono Boost)  
  18  14:15  Zealot  
  21  14:17  Probe (Chrono Boost)  
  22  14:42  Zealot  
  24  14:48  Probe (Chrono Boost)  
  25  14:59  Probe (Chrono Boost)  
  26  15:04  Probe (Chrono Boost)  
  27  15:53  Carrier x2  
  39  16:31  Immortal  
  43  16:46  Probe (Chrono Boost)  
  44  16:53  Probe (Chrono Boost)  
  44  16:57  Tempest x2  
  55  17:05  Probe (Chrono Boost)  
  56  17:10  Probe (Chrono Boost)  
  56  17:11  Immortal  
  61  17:20  Probe  
  62  17:50  Carrier  
  62  17:51  Carrier  
  74  18:07  Nexus  
  74  18:55  Carrier  
  80  18:57  Photon Cannon  
  80  19:00  Photon Cannon  
  80  19:02  Photon Cannon  
  80  19:06  Photon Cannon  
  80  19:14  Photon Cannon  
  80  19:20  Photon Cannon  
  80  19:31  Photon Cannon  
  80  19:41  Photon Cannon  
  80  19:44  Photon Cannon  
  80  20:03  Immortal  
  84  20:53  Photon Cannon  
  84  20:54  Photon Cannon  
  84  20:58  Photon Cannon  
  84  21:00  Photon Cannon  
  84  21:02  Photon Cannon  
  84  21:06  Photon Cannon  
  84  21:10  Photon Cannon  
  84  21:21  Carrier  
  90  21:59  Tempest  
  103  22:23  Mothership (Chrono Boost)  
  103  22:25  Tempest  
  108  23:02  Carrier  
  114  23:08  Carrier  
  120  23:49  Photon Cannon  
  120  23:51  Photon Cannon  
  120  23:54  Photon Cannon  
  120  23:57  Photon Cannon  
  120  24:02  Photon Cannon  
  120  24:04  Photon Cannon  
  120  24:06  Photon Cannon  
  120  24:13  Photon Cannon  
  120  24:18  Photon Cannon  
  120  24:37  Tempest  
  125  25:23  Protoss Air Weapons Level 1  
  125  25:47  Carrier  
  125  25:48  Carrier  
  137  26:00  Pylon  
  137  26:02  Pylon  
  137  26:10  Pylon  
  137  26:15  Pylon  
  137  26:21  Pylon  
  137  26:26  Pylon  
  137  26:32  Pylon  
  137  26:37  Pylon  
  137  26:43  Pylon  
Show
View Real Time Build Order
Export as new Build Order

GZgatos Zerg 

Build Orders: 1 Base Baneling Bust, Pool First, Swarm Host 

Get SALT Encoding   

  12  0:02  Drone  
  13  0:25  Spawning Pool  
  12  0:37  Drone x2  
  14  0:53  Extractor  
  14  0:55  Extractor  
  12  1:00  Drone x2  
  14  1:04  Overlord  
  14  1:23  Drone  
  14  1:24  Queen  
  17  1:28  Overlord  
  17  1:42  Zergling x2  
  17  1:43  Metabolic Boost  
  17  1:46  Zergling x2  
  19  1:55  Zergling x2  
  20  2:06  Zergling x2  
  21  2:16  Zergling x2  
  22  2:35  Zergling x2  
  22  2:36  Zergling x6  
  26  2:59  Drone  
  26  3:00  Drone  
  28  3:11  Drone x2  
  30  3:25  Overlord x3  
  26  3:46  Drone  
  26  4:14  Drone x3  
  29  4:33  Drone  
  26  4:58  Drone x3  
  29  5:03  Lair  
  29  5:10  Baneling Nest  
  28  5:15  Drone  
  29  5:43  Drone x4  
  33  6:10  Zergling x6  
  33  6:11  Evolution Chamber  
  35  6:20  Queen  
  37  6:41  Evolution Chamber  
  37  6:45  Overlord x3  
  37  6:46  Overlord, Infestation Pit  
  34  6:58  Baneling x3  
  34  6:59  Baneling  
  34  7:01  Zergling x2  
  34  7:02  Zergling x4  
  35  7:25  Swarm Host x3  
  35  7:26  Swarm Host x2  
  50  7:32  Zerg Missile Weapons Level 1  
  50  7:33  Zerg Ground Armor Level 1  
  50  7:37  Centrifical Hooks  
  50  7:39  Drone  
  51  7:54  Hatchery  
  51  7:57  Nydus Network, Pneumatized Carapace  
  49  7:59  Swarm Host x4  
  61  8:07  Baneling x5  
  61  8:08  Baneling  
  61  8:36  Overseer  
  61  8:46  Hive  
  61  9:05  Nydus Canal  
  61  9:09  Infestor  
  61  9:10  Infestor  
  65  9:37  Zergling x2  
  65  9:38  Zergling x16  
  74  9:55  Infestor  
  76  10:16  Spire  
  75  10:53  Overseer  
  75  10:54  Overseer  
  75  11:12  Hydralisk Den  
  74  12:02  Nydus Canal  
  74  12:13  Infestor  
  74  12:14  Infestor  
  78  12:45  Zerg Missile Weapons Level 2  
  78  12:48  Infestor  
  80  12:54  Zergling x6  
  80  12:55  Zergling x18  
  92  12:59  Overlord x3  
  92  13:05  Nydus Canal  
  68  14:17  Zerg Ground Armor Level 2  
  68  14:26  Queen  
  70  14:34  Zergling x2  
  70  14:35  Zergling x28  
  85  14:39  Adrenal Glands  
  85  15:02  Zerg Melee Weapons Level 1  
  85  15:44  Zergling x14  
  85  15:45  Zergling x2  
  93  16:48  Zergling x2  
  93  16:49  Zergling x10  
  99  17:43  Baneling  
  99  17:44  Baneling x11  
  99  17:45  Baneling x8  
  99  17:46  Zergling x2  
  100  17:56  Nydus Canal  
  100  17:58  Overlord x3  
  100  17:59  Overlord  
  100  18:44  Baneling x10  
  100  18:45  Baneling  
  100  18:46  Baneling x5  
  100  18:47  Baneling  
  100  18:48  Zergling x16  
  108  18:58  Pathogen Glands  
  108  19:00  Burrow  
  68  19:56  Corruptor x3  
  71  20:16  Nydus Canal  
  64  20:31  Overseer x4  
  64  21:10  Corruptor x3  
  70  21:14  Zergling x22  
  70  21:15  Zergling x32  
  56  22:06  Drone x10  
  54  22:30  Drone  
  54  22:35  Zergling x14  
  54  22:36  Zergling x2  
  63  22:37  Queen  
  65  22:47  Zerg Missile Weapons Level 3  
  65  22:48  Zerg Melee Weapons Level 2  
  65  22:51  Hatchery  
  64  22:52  Hatchery  
  63  24:00  Zergling x18  
  72  24:31  Queen x2  
  72  24:33  Queen  
  72  24:37  Baneling x3  
  72  24:38  Baneling x2  
  78  24:39  Hydralisk Den  
  78  24:42  Drone x4  
  81  24:58  Corruptor  
  81  24:59  Corruptor x5  
  93  25:15  Grooved Spines  
  93  25:44  Nydus Canal  
  93  26:56  Nydus Canal  
Show
View Real Time Build Order
Export as new Build Order

Darcon Protoss 

Build Orders: Oracle Opening 

Get SALT Encoding   

  12  0:03  Probe (Chrono Boost)  
  13  0:13  Probe (Chrono Boost)  
  14  0:29  Assimilator  
  14  0:30  Pylon, Probe  
  15  0:48  Probe  
  16  0:58  Pylon  
  16  1:00  Probe  
  16  1:03  Gateway  
  17  1:12  Probe (Chrono Boost)  
  17  1:15  Forge  
  18  1:24  Probe (Chrono Boost)  
  19  1:26  Assimilator  
  19  1:30  Probe (Chrono Boost)  
  20  1:36  Pylon  
  20  1:42  Probe  
  21  1:54  Probe  
  21  1:58  Cybernetics Core  
  22  2:07  Probe  
  23  2:29  Photon Cannon  
  23  2:33  Photon Cannon, Zealot  
  25  2:45  Twilight Council  
  25  2:48  Pylon  
  25  3:04  Stargate  
  25  3:09  Stargate  
  25  3:44  Warp Gate  
  25  3:47  Oracle (Chrono Boost)  
  25  3:55  Oracle (Chrono Boost)  
  28  3:58  Nexus  
  31  4:08  Stalker  
  33  4:15  Pylon  
  33  5:08  Phoenix x2  
  37  5:19  Probe (Chrono Boost)  
  38  5:27  Probe (Chrono Boost)  
  40  5:30  Probe (Chrono Boost)  
  40  5:33  Phoenix x2  
  40  5:34  Probe (Chrono Boost)  
  45  5:37  Probe (Chrono Boost)  
  45  5:39  Probe (Chrono Boost)  
  47  5:46  Probe  
  48  5:58  Probe  
  48  5:59  Unknown  
  49  6:05  Phoenix x2  
  49  6:10  Probe  
  54  6:13  Pylon  
  54  6:19  Pylon  
  54  6:22  Probe (Chrono Boost)  
  56  6:34  Probe (Chrono Boost)  
  56  6:39  Probe (Chrono Boost)  
  57  6:48  Probe, Unknown  
  58  7:00  Probe  
  59  7:13  Probe  
  60  7:25  Probe  
  61  7:33  Void Ray x2  
  68  7:58  Probe (Chrono Boost)  
  68  8:08  Probe (Chrono Boost)  
  68  8:13  Probe (Chrono Boost)  
  68  8:16  Void Ray x2  
  76  8:25  Pylon  
  76  8:27  Pylon  
  76  8:30  Pylon  
  76  8:33  Pylon  
  75  8:50  Pylon  
  75  8:53  Pylon  
  75  8:59  Pylon, Phoenix x2  
  79  9:03  Gateway  
  79  9:06  Forge  
  79  9:08  Gateway  
  79  9:09  Gateway  
  79  9:24  Phoenix x2  
  79  9:31  Protoss Air Weapons Level 1  
  83  9:43  Protoss Shields Level 1  
  83  9:49  Phoenix x2  
  75  10:33  Void Ray x2  
  83  10:41  Fleet Beacon  
  83  10:47  Cybernetics Core  
  59  12:03  Stalker x2  
  63  12:17  Probe  
  64  12:26  Protoss Air Armor Level 1  
  64  12:29  Probe  
  65  12:30  Protoss Air Weapons Level 2  
  65  12:50  Tempest x2  
  75  12:54  Pylon  
  75  12:57  Pylon  
  75  13:00  Pylon  
  75  13:03  Pylon  
  69  13:49  Carrier (Chrono Boost)  
  75  14:15  Carrier (Chrono Boost)  
  81  15:05  Carrier  
  87  15:25  Nexus  
  87  15:28  Unknown  
  87  15:30  Unknown  
  87  15:33  Unknown  
  87  15:34  Unknown  
  87  16:14  Mothership (Chrono Boost)  
  88  17:32  Carrier x2 (Chrono Boost)  
  100  18:36  Protoss Air Armor Level 2  
  100  18:43  Protoss Air Weapons Level 3  
  100  19:52  Pylon  
  100  19:56  Pylon  
  100  19:59  Pylon  
  100  20:02  Pylon  
  100  20:17  Pylon  
  100  20:18  Pylon  
  100  20:20  Pylon  
  100  20:23  Pylon  
  100  20:26  Carrier x2  
  112  20:58  Assimilator x2, Pylon  
  112  20:59  Pylon x2  
  112  21:05  Nexus  
  112  21:13  Robotics Facility  
  112  21:16  Robotics Facility  
  112  21:22  Stargate  
  111  21:33  Pylon  
  111  21:37  Pylon  
  111  21:41  Pylon  
  111  21:45  Pylon  
  111  21:49  Pylon  
  111  21:53  Pylon  
  111  21:55  Pylon  
  111  21:56  Pylon  
  92  22:38  Probe (Chrono Boost)  
  91  22:56  Probe (Chrono Boost)  
  93  23:06  Probe (Chrono Boost)  
  93  23:09  Protoss Air Armor Level 3  
  93  23:11  Probe (Chrono Boost)  
  93  23:19  Unknown  
  94  23:22  Probe  
  95  23:35  Probe  
  96  24:01  Nexus  
  96  24:14  Assimilator  
  96  24:19  Assimilator  
  92  24:40  Tempest x2  
  92  24:41  Tempest  
  107  25:07  Forge  
  107  25:18  Probe (Chrono Boost)  
  108  25:28  Probe (Chrono Boost)  
  109  25:33  Probe (Chrono Boost)  
  111  25:37  Probe (Chrono Boost)  
  112  25:43  Probe (Chrono Boost)  
  112  25:46  Probe (Chrono Boost)  
  112  25:47  Probe (Chrono Boost)  
  114  25:56  Probe  
  115  26:09  Probe  
  116  26:21  Probe (Chrono Boost)  
  116  26:24  Carrier x2  
  126  26:33  Probe (Chrono Boost)  
  124  26:40  Probe (Chrono Boost)  
  125  26:47  Probe  
  126  26:59  Probe  
Show
View Real Time Build Order
Export as new Build Order

IA (Más difícil) Terran 

Build Orders:  

Get SALT Encoding   

  12  0:01  SCV  
  13  0:13  SCV  
  14  0:18  Supply Depot  
  14  0:25  SCV  
  15  0:39  SCV  
  15  0:42  Barracks  
  16  0:47  Refinery  
  16  0:52  SCV  
  17  1:04  SCV  
  18  1:16  SCV  
  18  1:17  Supply Depot  
  19  1:28  SCV  
  19  1:29  Marine  
  21  1:38  Barracks  
  21  1:41  Orbital Command  
  21  1:45  Refinery  
  21  1:48  Barracks Tech Lab  
  21  2:02  Supply Depot  
  21  2:06  Marine  
  22  2:24  Marine  
  22  2:26  Marine  
  24  2:36  Supply Depot  
  24  2:42  Marauder  
  24  2:44  Marine  
  27  3:01  Marine  
  27  3:04  Marauder  
  30  3:08  Supply Depot  
  30  3:16  SCV  
  30  3:19  Marine  
  32  3:25  Marauder  
  34  3:27  Engineering Bay  
  34  3:28  SCV  
  35  3:37  Marine  
  35  3:40  SCV  
  37  3:47  Marauder  
  39  3:52  SCV  
  39  3:55  Marine  
  41  3:58  Supply Depot  
  41  4:04  SCV  
  41  4:08  Marauder  
  44  4:13  Marine  
  44  4:16  SCV  
  46  4:28  SCV  
  46  4:29  Marauder  
  49  4:40  SCV  
  50  4:51  Marauder  
  48  4:53  SCV  
  46  5:05  SCV  
  46  5:17  SCV  
  47  5:29  SCV  
  48  5:41  SCV  
  47  5:48  Barracks Tech Lab  
  46  5:50  Stimpack  
  46  5:51  Terran Infantry Weapons Level 1  
  46  5:52  Factory  
  46  5:53  SCV  
  46  5:56  Factory  
  47  6:05  SCV  
  47  6:06  Combat Shield  
  48  6:17  SCV  
  49  6:22  Supply Depot  
  49  6:29  SCV  
  50  6:37  Factory Tech Lab  
  52  6:40  Starport, Widow Mine  
  52  6:41  SCV  
  52  6:43  Starport  
  52  6:46  Supply Depot  
  53  6:54  SCV  
  54  6:55  Widow Mine  
  56  7:02  Factory Tech Lab  
  55  7:16  Siege Tank  
  55  7:19  Missile Turret  
  55  7:20  Viking  
  59  7:24  Concussive Shells  
  59  7:26  Missile Turret, Starport Tech Lab  
  52  7:30  Marine  
  51  7:39  Marine  
  49  7:45  Terran Infantry Armor Level 1  
  49  7:46  Bunker  
  49  7:48  Marine  
  49  7:51  Starport Tech Lab  
  50  7:58  Marine  
  51  8:07  Marine  
  51  8:10  Barracks  
  51  8:11  Raven  
  54  8:17  Marine  
  55  8:20  Armory  
  55  8:26  Siege Tank  
  58  8:29  SCV  
  58  8:35  Viking  
  60  9:08  Thor  
  66  9:10  Raven  
  64  9:38  Marauder  
  58  9:47  Marauder  
  60  9:59  Raven  
  62  10:11  Barracks Reactor, Hellion  
  64  10:16  Hellion  
  66  10:34  Factory  
  66  10:54  SCV  
  66  10:59  Starport  
  66  11:18  Factory Tech Lab  
  66  11:29  Marine  
  63  11:34  Siege Tank  
  63  11:35  Starport Reactor  
  63  11:42  Marine  
  63  11:46  Marine  
  59  11:51  Marine  
  57  11:55  Marine  
  57  12:00  Marine  
  49  12:04  Siege Tank  
  49  12:08  Marine  
  51  12:12  Marine  
  52  12:17  Marine  
  52  12:21  Marine  
  54  12:27  Engineering Bay  
  54  12:30  Marine x2  
  54  12:32  Raven  
  54  12:35  Hellion  
  60  12:39  Hellion  
  62  12:55  Siege Tank  
  65  13:17  Hellion  
  65  13:21  Siege Tank  
  68  13:31  Hellion  
  66  13:38  Medivac, Hellion  
  70  13:54  Marauder x2  
  74  13:57  Supply Depot  
  74  14:16  Marauder x2  
  78  14:18  Marine x2  
  78  14:21  Supply Depot  
  78  14:24  Medivac  
  82  14:36  Marine x3  
  82  14:37  Marine  
  86  14:43  Medivac  
  86  14:44  Supply Depot  
  88  14:54  Marine x4  
  92  15:07  Supply Depot  
  92  15:11  Marine  
  93  15:19  Raven  
  95  15:24  Marauder  
  99  15:28  Marauder  
  99  15:33  Supply Depot  
  99  15:45  Marauder  
  99  15:49  Marauder  
  103  16:09  Terran Infantry Weapons Level 2  
  103  16:43  Terran Infantry Armor Level 2  
  103  16:55  SCV  
  103  17:20  Thor  
  109  17:23  Supply Depot  
  109  17:57  Thor  
  113  17:59  Supply Depot  
  113  18:04  Marine  
  97  18:07  Marine  
  97  18:10  Marine  
  83  18:13  Marine  
  59  18:22  Marine  
  59  18:25  Marine  
  61  18:28  Marine  
  61  18:31  Marine  
  61  18:34  Siege Tank  
  57  18:40  Marine  
  58  18:43  Marine  
  58  18:46  Marine  
  60  18:49  Marine  
  61  18:57  Raven  
  63  19:06  Marine, SCV  
  63  19:09  Marine  
  48  19:10  Hellion  
  48  19:11  Hellion  
  48  19:13  Marine  
  48  19:16  Marine  
  44  19:18  SCV  
  44  19:24  Viking, Marine  
  37  19:30  SCV  
  33  19:32  Hellion x2  
  35  19:42  Marine  
  35  19:43  SCV  
  11  19:53  Hellion x2  
  8  20:00  Marine  
  7  20:15  Hellion  
  1  21:24  Supply Depot  
  1  21:48  Supply Depot  
  1  22:19  Barracks  
  1  23:07  Marine  
  1  23:09  Barracks  
  2  23:25  Marine  
Show
View Real Time Build Order
Export as new Build Order

IA (Más difícil) Terran 

Build Orders:  

Get SALT Encoding   

  12  0:01  SCV  
  13  0:13  SCV  
  14  0:17  Supply Depot  
  14  0:25  SCV  
  15  0:39  SCV  
  16  0:45  Barracks  
  16  0:47  Refinery  
  16  0:51  SCV  
  17  1:03  SCV  
  18  1:15  SCV  
  18  1:17  Supply Depot  
  19  1:28  SCV  
  19  1:31  Marine  
  21  1:36  Barracks  
  21  1:41  Orbital Command  
  21  1:43  Refinery  
  21  1:50  Barracks Tech Lab  
  21  2:00  Supply Depot  
  21  2:08  Marine  
  22  2:26  Marauder  
  22  2:27  Marine  
  25  2:32  Supply Depot  
  25  2:45  Marine  
  25  2:47  Marine  
  27  3:03  Marine  
  27  3:05  Marauder  
  30  3:06  Supply Depot  
  31  3:12  SCV  
  31  3:20  Marine  
  31  3:24  SCV  
  31  3:26  Marine, Engineering Bay  
  34  3:37  SCV  
  34  3:38  Marine  
  36  3:44  Marauder  
  38  3:49  SCV  
  38  3:53  Supply Depot  
  39  3:56  Marine  
  39  4:01  SCV  
  41  4:06  Marauder  
  43  4:13  SCV  
  44  4:25  SCV  
  44  4:27  Marauder  
  47  4:37  SCV  
  48  4:49  Marauder  
  50  5:10  Marauder  
  52  5:55  Barracks Tech Lab  
  52  5:56  Stimpack, Marine  
  53  5:57  Terran Infantry Weapons Level 1  
  53  5:59  Factory  
  53  6:03  Factory  
  53  6:06  Missile Turret  
  53  6:08  Supply Depot  
  53  6:11  Missile Turret  
  53  6:12  Combat Shield  
  53  6:14  Marine  
  53  6:15  Barracks  
  54  6:33  Bunker  
  54  6:44  Factory Tech Lab  
  54  6:49  Starport  
  54  6:52  Supply Depot  
  54  6:53  Marine  
  52  6:56  Starport, Factory Tech Lab  
  52  7:00  Marine  
  44  7:07  Marine  
  35  7:14  Marine  
  34  7:21  Marine  
  35  7:28  Marine, Starport Tech Lab  
  36  7:31  Starport Tech Lab  
  36  7:36  Marine  
  37  7:43  Marine  
  38  7:47  Raven  
  38  7:50  Marine  
  38  7:51  Terran Infantry Armor Level 1  
  41  7:57  Marine  
  42  8:05  Marauder  
  44  8:09  Raven  
  46  8:16  Marauder  
  46  8:19  Siege Tank  
  51  8:26  Siege Tank  
  54  8:28  SCV  
  56  8:34  Marauder  
  56  8:35  Concussive Shells  
  56  8:36  Sensor Tower  
  58  8:41  Marauder  
  58  8:51  Siege Tank  
  61  8:58  Cyclone  
  61  8:59  Armory  
  64  9:06  Barracks Reactor  
  64  9:41  Marine  
  62  9:48  Marine  
  52  9:55  Marine  
  53  10:03  Marine  
  54  10:10  Marine  
  55  10:16  Marine  
  55  10:18  Factory  
  56  10:23  Marine  
  56  10:24  Starport  
  57  10:29  Marine  
  58  10:36  Marine  
  59  10:43  Marine  
  59  10:49  Marine  
  61  10:56  Cyclone  
  64  10:58  Engineering Bay  
  64  10:59  Starport Reactor  
  64  11:03  Factory Tech Lab  
  64  11:11  Thor  
  70  11:30  Medivac  
  70  11:31  Supply Depot  
  72  11:49  Medivac  
  74  12:08  Medivac  
  73  12:31  SCV  
  68  12:43  Bunker, SCV  
  67  12:47  Raven  
  69  12:55  SCV  
  70  13:08  SCV  
  74  13:20  SCV  
  75  13:32  SCV  
  76  13:35  Siege Tank  
  76  13:38  Siege Tank  
  73  13:44  SCV  
  52  13:56  SCV  
  44  14:07  Marine x4  
  44  14:08  SCV  
  49  14:16  Missile Turret  
  49  14:20  SCV  
  50  14:25  Marine x4  
  54  14:32  SCV  
  55  14:43  Marine x4  
  55  14:44  SCV  
  60  14:56  SCV  
  61  15:00  Marine  
  61  15:01  Marine x3  
  64  15:08  Missile Turret  
  50  15:18  Marine x2  
  50  15:19  Marine x2  
  38  15:36  Marine x3  
  38  15:37  Marine  
  42  15:54  Marine x4  
  46  16:12  Marine  
  47  16:55  Marine  
  47  16:56  Marine x2  
  47  16:57  Marine  
  41  17:13  Marine x2  
  41  17:14  Marine  
  41  17:15  Marine  
  45  17:31  Marine x2  
  43  21:34  Marine  
  43  21:35  Marine x2  
  31  21:48  Marine  
  31  21:52  Marine x2  
  31  22:07  Marine x2  
  21  22:10  Marine x2  
  14  22:25  Marine x2  
  14  22:28  Marine x2  
  7  25:46  Marine  
  7  25:49  Marine  
  4  26:04  Marine  
  5  26:46  Marine  
  6  26:49  Hellion  
Show
View Real Time Build Order
Export as new Build Order

IA (Más difícil) Zerg 

Build Orders: 1 Base Baneling Bust, Pool First 

Get SALT Encoding   

  12  0:01  Drone  
  13  0:12  Overlord  
  13  0:18  Drone  
  14  0:30  Drone  
  14  0:31  Drone  
  16  0:43  Spawning Pool  
  16  0:46  Drone  
  16  0:50  Drone  
  16  0:53  Extractor  
  16  0:56  Drone  
  17  1:06  Overlord  
  17  1:31  Zergling x2  
  17  1:32  Queen  
  20  1:35  Zergling x2  
  20  1:38  Drone  
  22  1:40  Roach Warren  
  22  1:41  Extractor  
  20  1:49  Drone  
  21  2:00  Drone  
  22  2:10  Zergling x2  
  23  2:21  Drone  
  24  2:32  Overlord  
  24  2:38  Lair  
  24  2:39  Drone  
  25  2:55  Zergling x2  
  26  3:07  Zergling x2  
  26  3:11  Zergling x2  
  28  3:14  Overlord  
  28  3:32  Metabolic Boost  
  28  3:37  Infestation Pit  
  28  3:38  Drone  
  28  3:43  Drone  
  28  3:47  Drone  
  30  3:52  Drone  
  32  3:55  Drone  
  32  3:59  Drone  
  33  4:03  Drone  
  33  4:09  Drone  
  35  4:14  Overlord  
  35  4:15  Infestor  
  37  4:17  Drone  
  37  4:21  Infestor  
  40  4:29  Evolution Chamber  
  39  4:31  Infestor  
  41  4:41  Baneling Nest  
  41  4:42  Infestor  
  42  4:46  Drone x2  
  42  4:49  Zergling x2  
  44  4:54  Overlord  
  44  5:01  Hydralisk Den  
  44  5:05  Drone  
  44  5:16  Roach  
  46  5:23  Roach  
  48  5:31  Hydralisk  
  50  5:39  Hydralisk  
  52  5:47  Ravager, Roach  
  55  5:54  Overlord  
  55  5:55  Hydralisk  
  57  6:11  Zerg Melee Weapons Level 1  
  57  6:28  Drone  
  57  6:37  Drone, Spore Crawler  
  57  6:46  Spore Crawler  
  56  6:47  Drone  
  54  6:54  Queen  
  54  6:55  Zergling x2  
  50  7:03  Roach  
  50  7:11  Roach  
  52  7:19  Hydralisk  
  52  7:21  Drone, Spine Crawler  
  54  7:28  Spine Crawler  
  54  7:29  Drone  
  54  7:35  Burrow  
  54  7:40  Roach  
  56  7:47  Drone, Evolution Chamber  
  56  7:48  Roach  
  58  7:59  Ravager  
  58  8:03  Roach  
  61  8:06  Zerg Ground Armor Level 1  
  61  8:13  Zerg Missile Weapons Level 1  
  61  8:15  Zergling x2  
  61  8:23  Ravager, Overlord, Roach  
  64  8:30  Hydralisk  
  66  8:39  Hydralisk  
  68  8:48  Hydralisk  
  68  8:49  Overlord  
  70  9:19  Lurker Den  
  70  9:20  Drone  
  70  9:39  Zergling x2  
  56  9:46  Overseer  
  39  9:57  Overseer  
  39  9:58  Roach  
  41  10:17  Lurker  
  41  10:19  Lurker  
  43  10:26  Hydralisk  
  45  10:34  Hydralisk  
  47  10:54  Lurker  
  48  11:03  Hydralisk  
  50  11:15  Hatchery  
  50  11:17  Drone  
  50  11:22  Pneumatized Carapace  
  50  11:50  Roach  
  50  11:52  Overseer  
  52  12:03  Ravager  
  52  12:08  Roach  
  55  12:17  Hydralisk  
  57  12:26  Hydralisk  
  59  12:35  Hydralisk  
  61  13:13  Hive  
  61  13:32  Zergling x2  
  39  14:28  Drone, Ultralisk Cavern  
  39  15:14  Ultralisk  
  39  15:20  Ultralisk  
  51  15:30  Ultralisk  
  57  15:39  Overseer  
  57  16:23  Drone, Spire  
  57  16:56  Zergling x2  
  39  17:35  Corruptor  
  41  17:52  Hydralisk  
  41  17:53  Zergling x2, Overlord, Hydralisk  
  41  17:54  Zergling x4  
  41  17:55  Zergling x4  
  41  17:56  Zergling x2  
  44  18:10  Queen  
  44  18:11  Drone, Spire  
  44  18:12  Zergling x2, Drone  
  40  18:17  Zergling x2  
  40  18:19  Zergling x2  
  40  18:20  Zergling x4  
  40  18:21  Zergling x2, Hydralisk  
  40  18:22  Spore Crawler  
  31  18:27  Drone x3  
  31  18:28  Drone x2  
  4  18:54  Drone  
  1  19:02  Drone  
Tags
 
Add a new tag
Caveats
  • Supply blocks, unpowered buildings, or Contaminate may cause inaccurate times.
  • Supply counts are checked every 10 seconds.